 Dungeon Crawl Stone Soup version 0.21.1-1-g345015fe64 (webtiles) character file.

79 Nattfarinn the Insei (level 4, 0/31 HPs)
             Began as an Octopode Monk on May 4, 2018.
             Slain by Crazy Yiuf
             ... wielding a +3 quarterstaff of chaos
              (6 damage)
             ... on level 2 of the Dungeon.
             The game lasted 00:04:01 (2430 turns).

Nattfarinn the Insei (Octopode Monk)                Turns: 2430, Time: 00:04:02

Health: 0/31       AC:  1    Str: 11    XL:     4   Next: 38%
Magic:  4/4        EV:  2    Int: 12    God:
Gold:   126        SH:  0    Dex: 14    Spells: 3/3 levels left

rFire    . . .     SeeInvis .     - Unarmed
rCold    . . .     Gourm    .   (no shield)
rNeg     + + +     Faith    .   (helmet restricted)
rPois    ∞         Spirit   .   (no amulet)
rElec    .         Reflect  .   (no ring)
rCorr    .         Harm     .   (no ring)
MR       .....                  (no ring)
Stlth    +++.......             (no ring)
HPRegen  0.10/turn              (no ring)
MPRegen  0.09/turn              (no ring)
                                (no ring)
                                (no ring)

@: petrified
A: almost no armour, stealthy swim, amphibious, 8 rings, constrict 8, camouflage
1, gelatinous body 1
a: no special abilities


You were on level 2 of the Dungeon.
You were not hungry.

You visited 1 branch of the dungeon, and saw 2 of its levels.

You collected 126 gold pieces.

Inventory:

Missiles
 m - 15 poisoned needles
Jewellery
 h - an uncursed amulet of guardian spirit {unknown}
 i - a +4 ring of evasion {unknown}
Scrolls
 c - a scroll of fog {unknown}
 e - a scroll of identify {unknown}
 g - a scroll of fear {unknown}
 j - a scroll of enchant weapon {unknown}
 k - a scroll of remove curse {unknown}
Potions
 b - a potion of might
 d - a potion of lignification {unknown}
 f - a potion of brilliance {unknown}
 l - a potion of curing
Comestibles
 a - 6 rations


   Skills:
 + Level 3.5 Fighting
 + Level 3.5 Dodging
 - Level 2.6 Stealth
 * Level 4.1 Unarmed Combat


You had 3 spell levels left.
You didn't know any spells.

Dungeon Overview and Level Annotations

Branches:
Dungeon (2/15)

Altars:
Nemelex Xobeh

Annotations:
D:2 Crazy Yiuf


Innate Abilities, Weirdness & Mutations

You cannot wear most types of armour.
You are very stealthy in the water. (Stealth+)
You are amphibious.
You can wear up to eight rings at the same time.
You can use your tentacles to constrict eight enemies at once.
Your skin changes colour to match your surroundings (Stealth+).
Your rubbery body absorbs attacks. (AC +1, EV +1)


Message History

Crazy Yiuf freezes you.
Crazy Yiuf hits you with a quarterstaff of chaos!
Crazy Yiuf burns you.
Your limbs are stiffening.
You tentacle-slap Crazy Yiuf.
Crazy Yiuf is lightly wounded.
You constrict Crazy Yiuf.
Crazy Yiuf hits you with a quarterstaff of chaos.
* * * LOW HITPOINT WARNING * * *
Crazy Yiuf burns you.
* * * LOW HITPOINT WARNING * * *
You have turned to stone.
You constrict Crazy Yiuf.
Crazy Yiuf waves his quarterstaff at you.
Crazy Yiuf barely misses you.
You constrict Crazy Yiuf.
Crazy Yiuf hits you with a quarterstaff of chaos.
* * * LOW HITPOINT WARNING * * *
You constrict Crazy Yiuf. x2
Crazy Yiuf hits you with a quarterstaff of chaos!
You die...

#######.#####....#.#
##### #.......#
######'## #....
#.#####.# #...##
#.### #.# ###
##...## #.### #.#
#....## #.#.#
##.#######
#.....###....
#......#.########
#.....'...[..
#.......#..##...#
#.....###....
#......####.'.@g#
#....####.#..
##....## ###..)#
#...## #...#. ######
##### #..## #...[.
#'## #..... #.#
###.#. ### #.# #.#.
#.# ########.###
#.#. #.#
#[.........######.#.
#.#
#.####............#.


You could see Crazy Yiuf.

Vanquished Creatures
  Terence (D:2)
  Robin (D:2)
  2 leopard geckos (D:1)
  A giant cockroach (D:2)
  10 goblins
  10 hobgoblins
  5 kobolds
  2 bats (D:1)
  3 frilled lizards
  4 rats
39 creatures vanquished.

Notes
Turn   | Place    | Note
-------+----------+-------------------------------------------
     0 | D:1      | Nattfarinn the Octopode Monk began the quest for the Orb.
     0 | D:1      | Reached XP level 1. HP: 16/16 MP: 1/1
   228 | D:1      | Reached XP level 2. HP: 21/21 MP: 2/2
   417 | D:1      | Found a sparkling altar of Nemelex Xobeh.
  1026 | D:2      | Noticed Robin
  1034 | D:2      | Reached XP level 3. HP: 25/26 MP: 3/3
  1059 | D:2      | Killed Robin
  1893 | D:2      | Noticed Terence
  1900 | D:2      | Killed Terence
  1900 | D:2      | Reached skill level 4 in Unarmed Combat
  1900 | D:2      | Reached XP level 4. HP: 22/31 MP: 4/4
  2035 | D:2      | Found a runed door.
  2421 | D:2      | Noticed Crazy Yiuf
  2430 | D:2      | Slain by Crazy Yiuf

Skill      XL: |  1  2  3 |
---------------+----------+-----
Unarmed Combat | 4 |  4.1
Fighting       | |  3.5
Dodging        | |  3.5
Stealth        | |  2.6

Action                   |  1- 3 |  4- 6 || total
-------------------------+-------+-------++-------
Melee: Unarmed           |    75 |     5 ||    80
       Constrict         |    21 |     2 ||    23
       Tentacles         |    14 |     1 ||    15
  Use: Potion            |     3 |       ||     3
 Stab: Sleeping          |     7 |     1 ||     8
       Distracted        |     1 |       ||     1
  Eat: Chunk             |     1 |       ||     1
       Ration            |       |     1 ||     1
Armor: Skin              |     6 |       ||     6
Dodge: Dodged            |    34 |     1 ||    35
